 Dungeon Sprint DCSS version 0.27-a0-109-g416527ed24 (webtiles) character file.

Game seed: 6069295446587867943

69810 mhtbhm the Hoplite (level 14, -7/155 HPs)
             Began as a Minotaur Fighter on Jan 24, 2021.
             Was an Initiate of Gozag.
             Mangled by Ereshkigal (29 damage)
             ... in the Dungeon (Sprint IX: "|||||||||||||||||||||||||||||").
             The game lasted 00:12:43 (6801 turns).

mhtbhm the Hoplite (Minotaur Fighter)               Turns: 6801, Time: 00:12:43

Health: -7/155     AC: 23    Str: 27    XL:     14   Next: 91%
Magic:  13/13      EV: 18    Int:  5    God:    Gozag
Gold:   11719      SH: 19    Dex: 16    Spells: 13/13 levels left

rFire    + . .     SeeInvis .   a - +2 double sword (vorpal)
rCold    . . .     Faith    .   c - +0 kite shield {reflect}
rNeg     . . .     Spirit   .   b - +2 chain mail of the Sailor {Will+ Dex+6}
rPois    +         Reflect  +   (helmet restricted)
rElec    +         Harm     .   o - +1 cloak
rCorr    .         Rampage  .   q - +1 pair of gloves
Will     ++...     NoTele   +   v - +0 pair of boots
Stlth    ..........             D - amulet of Muho {rElec rF+ Regen+ Str-2}
HPRegen  0.75/turn              p - +3 ring of strength
MPRegen  0.13/turn              A - ring of poison resistance

@: gold aura, silenced, bribing [the Dungeon]
A: retaliatory headbutt, horns 2
a: Renounce Religion


You were in the Dungeon.
You worshipped Gozag.
Gozag was extremely pleased with you.
You visited 1 branch You collected 17857 gold pieces.
You spent 1291 gold pieces at shops.
You paid 4847 gold pieces to Gozag.

Inventory:

Hand Weapons
 a - a +2 vorpal double sword (weapon)
Armour
 b - the +2 chain mail of the Sailor (worn) {Will+ Dex+6}
   (You bought it in a shop in the Dungeon)

   It affects your dexterity (+6).
   It affects your willpower, your defense against some magical effects.
 c - a +0 kite shield of reflection (worn)
 o - a +1 cloak (worn)
 q - a +1 pair of gloves (worn)
 v - a +0 pair of boots (worn)
Jewellery
 k - the ring "Goet" {Int+3 SInv}
   (You found it in the Dungeon)

   [ring of see invisible]

   It affects your intelligence (+3).
   It lets you see invisible.
 p - a +3 ring of strength (left hand)
 A - a ring of poison resistance (right hand)
 C - a +4 ring of evasion
 D - the amulet of Muho (around neck) {rElec rF+ Regen+ Str-2}
   (You bought it in a shop in the Dungeon)

   [amulet of regeneration]

   It affects your strength (-2).
   It protects you from fire.
   It insulates you from electricity.
   It increases your rate of regeneration.
Wands
 n - a wand of iceblast (3)
Scrolls
 l - 6 scrolls of remove curse
 m - 2 scrolls of amnesia
 r - 2 scrolls of fog
 s - a scroll of fear
 t - 2 scrolls of identify
 w - a scroll of magic mapping
 x - 2 scrolls of enchant armour
 y - a scroll of holy word
Potions
 d - a potion of might
 e - 5 potions of curing
 f - a potion of heal wounds
 g - a potion of haste
 h - 4 potions of magic
 i - a potion of mutation
 z - 2 potions of lignification {unknown}
 B - a potion of brilliance {unknown}


   Skills:
 + Level 22.7 Fighting
 + Level 23.9 Long Blades
 + Level 17.4 Armour
 + Level 13.7 Dodging
 - Level 4.1 Stealth
 + Level 25.4 Shields
 + Level 4.1 Evocations


You had 13 spell levels left.
You didn't know any spells.
Your spell library was empty.

Dungeon Overview and Level Annotations

Branches:
Dungeon (1/1)

Altars:
Cheibriados
Dithmenos
Elyvilon
Fedhas
Gozag
Hepliaklqana
Kikubaaqudgha
Makhleb
Nemelex Xobeh
Okawaru
Qazlal
Ru
Sif Muna
Trog
Uskayaw
Vehumet
Wu Jian
Xom
Yredelemnul
Zin
The Shining One
Beogh
Jiyva
Lugonu

Shops:
D =?[(=

Annotations:
D Ereshkigal


Innate Abilities, Weirdness & Mutations

You reflexively headbutt those who attack you in melee.
You have a pair of horns on your head.


Message History

Unknown command.
You miss Ereshkigal. Your headbutt misses Ereshkigal.
Ereshkigal is lightly wounded.
You block Ereshkigal's attack.
You closely miss Ereshkigal. Your headbutt misses Ereshkigal.
Ereshkigal is lightly wounded.
Your white draconian hits Ereshkigal but does no damage.
You block Ereshkigal's attack.
You closely miss Ereshkigal. Your headbutt misses Ereshkigal.
Ereshkigal is lightly wounded.
Ereshkigal calls on the powers of darkness!
Your body is wracked with pain!
* * * LOW HITPOINT WARNING * * *
Your white draconian convulses!
The sphinx convulses!
Your white draconian hits Ereshkigal with a +0 short sword!
Your chain mail of the Sailor prevents you from hitting Ereshkigal.
Ereshkigal is lightly wounded.
Ereshkigal hits you!!
You die...
Your body crumbles into a pile of gold.

...).............▓
▓▓▓▓▓▓▓▓▓▓▓▓▓▓▓▓.▓
)).=...'.........▓
▓▓▓▓▓▓▓▓▓▓▓▓▓▓▓▓▓▓
.................▓
▓▓▓▓▓▓▓▓▓▓▓▓▓▓▓▓.▓
.'...............▓
▓▓▓▓▓▓▓▓▓▓▓▓▓▓▓▓▓▓
)N)..........HMd@▓
▓▓▓▓▓▓▓▓▓▓▓▓▓▓▓▓&▓
A.A.............1▓
▓▓▓▓▓▓▓▓▓▓▓▓▓▓▓▓▓▓


You could see Ereshkigal (silencing), a Brimstone Fiend (summoned), a neutral
sphinx (wandering), a neutral guardian mummy (strong) and a friendly white
draconian.

Vanquished Creatures
  Mennas (D)
  A lich (D)
  Kirke (D)
  Donald (D)
  A nagaraja (D)
  A vault warden (D)
  2 frost giants (D)
  Aizul (D)
  A very ugly thing (D)
  4 stone giants (D)
  Nessos (D)
  Azrael (D)
  An entropy weaver (D)
  3 bunyips (D)
  An ettin (D)
  A mummy priest (D)
  A fire dragon (D)
  A yaktaur captain (D)
  3 hydras (D)
  A shambling mangrove (D)
  A naga warrior (D)
  A great orb of eyes (D)
  2 ice dragons (D)
  A death knight (D)
  2 centaur warriors (D)
  An ogre mage (D)
  An anaconda (D)
  Erica (D)
  3 deep troll shamans (D)
  Nergalle (D)
  A hell knight (D)
  A goliath frog (D)
  A sea snake (D)
  An unseen horror (D)
  6 swamp dragons (D)
  2 spriggan druids (D)
  2 naga ritualists (D)
  4 orc knights (D)
  A deep elf archer (D)
  2 ironbrand convokers (D)
  6 orc sorcerers (D)
  An orb spider (D)
  A wolf spider (D)
  A manticore (D)
  4 ugly things (D)
  2 merfolk sirens (D)
  A guardian serpent (D)
  Joseph (D)
  Psyche (D)
  A water nymph (D)
  A cane toad (D)
  7 black mambas (D)
  A komodo dragon (D)
  A komodo dragon (shapeshifter) (D)
  A tengu conjurer (D)
  2 yaktaurs (D)
  A demonic crawler (D)
  2 merfolk (D)
  2 jumping spiders (D)
  A wind drake (D)
  2 hornets (D)
  A blink frog (D)
  2 snapping turtles (D)
  2 shadows (D)
  A tarantella (D)
  A redback (D)
  2 yaks (D)
  A hog (D)
  Grum (D)
  A basilisk (D)
  A fire elemental (D)
  A vampire mosquito (D)
  2 wargs (D)
  An acid dragon (D)
  A water moccasin (D)
  A floating eye (D)
  8 hell hounds (D)
  9 orc warriors (D)
  A necrophage (D)
  A sky beast (D)
  5 wolves (D)
  A centaur (D)
  5 bullfrogs (D)
  A howler monkey (D)
  A hound (D)
  An orc priest (D)
  13 orc wizards (D)
  2 worker ants (D)
  An adder (D)
  An adder zombie (D)
  An adder skeleton (D)
  9 orcs (D)
  A bat skeleton (D)
  A giant cockroach (D)
  A goblin (D)
  A frilled lizard (D)
  A giant cockroach zombie (D)
  A kobold (D)
  A leopard gecko zombie (D)
  A rat (D)
190 creatures vanquished.

Vanquished Creatures (collateral kills)
  A deep elf annihilator (D)
1 creature vanquished.

Vanquished Creatures (others)
  A rakshasa (D)
  5 humans (D)
6 creatures vanquished.

Grand Total: 197 creatures vanquished

Notes
Turn   | Place    | Note
-------+----------+-------------------------------------------
     0 | D        | mhtbhm the Minotaur Fighter began the quest for the Orb.
     0 | D        | Reached XP level 1. HP: 19/19 MP: 0/0
     9 | D        | Reached skill level 4 in Shields
   322 | D        | Noticed a necrophage
   322 | D        | Noticed a centaur
   322 | D        | Noticed a worker ant
   322 | D        | Noticed a hound
   325 | D        | Killed a hound
   326 | D        | Reached skill level 5 in Fighting
   326 | D        | Reached skill level 5 in Armour
   326 | D        | Reached skill level 5 in Shields
   326 | D        | Reached XP level 2. HP: 29/29 MP: 1/1
   326 | D        | Reached XP level 3. HP: 36/36 MP: 2/2
   328 | D        | Reached skill level 6 in Shields
   334 | D        | Killed a centaur
   335 | D        | Reached skill level 5 in Long Blades
   335 | D        | Reached skill level 7 in Shields
   335 | D        | Reached XP level 4. HP: 20/45 MP: 3/3
   344 | D        | Killed a necrophage
   345 | D        | Reached skill level 8 in Shields
   345 | D        | Reached XP level 5. HP: 12/53 MP: 4/4
   358 | D        | Found a roughly hewn altar of Beogh.
   358 | D        | Found a snail-covered altar of Cheibriados.
   358 | D        | Found a shadowy altar of Dithmenos.
   358 | D        | Found a white marble altar of Elyvilon.
   358 | D        | Found a blossoming altar of Fedhas.
   358 | D        | Found an opulent altar of Gozag.
   359 | D        | Found a hazy altar of Hepliaklqana.
   360 | D        | Found a viscous altar of Jiyva.
   361 | D        | Found an ancient bone altar of Kikubaaqudgha.
   362 | D        | Found a corrupted altar of Lugonu.
   363 | D        | Found a burning altar of Makhleb.
   364 | D        | Found a sparkling altar of Nemelex Xobeh.
   365 | D        | Found an iron altar of Okawaru.
   366 | D        | Became a worshipper of Gozag Ym Sagoz the Greedy
   367 | D        | Found a stormy altar of Qazlal.
   368 | D        | Found a sacrificial altar of Ru.
   369 | D        | Found a shimmering blue altar of Sif Muna.
   370 | D        | Found a bloodstained altar of Trog.
   371 | D        | Found a hide-covered altar of Uskayaw.
   372 | D        | Found a radiant altar of Vehumet.
   373 | D        | Found an ornate altar of the Wu Jian Council.
   374 | D        | Found a shimmering altar of Xom.
   375 | D        | Found a basalt altar of Yredelemnul.
   376 | D        | Found a glowing silver altar of Zin.
   377 | D        | Found a glowing golden altar of the Shining One.
   394 | D        | Got the +2 scimitar "Wivajeg" {pain, rC+ rN+ Str+3}
   587 | D        | Noticed an orc warrior
   603 | D        | Killed an unseen horror
   604 | D        | Reached skill level 10 in Shields
   604 | D        | Reached XP level 6. HP: 14/66 MP: 5/5
   604 | D        | Reached XP level 7. HP: 15/71 MP: 6/6
   607 | D        | Reached skill level 10 in Fighting
   903 | D        | Noticed a manticore
   903 | D        | Noticed a brown ugly thing
   903 | D        | Noticed a vampire mosquito
   903 | D        | Noticed a shadow
   908 | D        | Killed a shadow
   909 | D        | Reached skill level 10 in Long Blades
   909 | D        | Reached skill level 1 in Stealth
   909 | D        | Reached XP level 8. HP: 79/79 MP: 7/7
   916 | D        | Killed a brown ugly thing
   917 | D        | Reached skill level 11 in Shields
   928 | D        | HP: 3/81 [manticore (2)]
   932 | D        | Killed a manticore
   933 | D        | Reached skill level 5 in Dodging
  1361 | D        | Got the ring "Goet" {Int+3 SInv}
  1376 | D        | Noticed a black mamba
  1377 | D        | Noticed a komodo dragon
  1379 | D        | Killed a black mamba
  1380 | D        | Reached XP level 9. HP: 71/89 MP: 8/8
  1385 | D        | Noticed a black mamba
  1389 | D        | Reached skill level 12 in Shields
  1623 | D        | Killed a komodo dragon
  1636 | D        | Killed a black mamba
  1637 | D        | Reached skill level 1 in Evocations
  1931 | D        | Noticed a black mamba
  1931 | D        | Noticed a cane toad
  1933 | D        | Killed a cane toad
  1935 | D        | Noticed a six-headed hydra
  1937 | D        | Noticed a four-headed hydra
  1941 | D        | Reached XP level 10. HP: 90/97 MP: 9/9
  1941 | D        | Noticed a black mamba
  2144 | D        | Killed an eight-headed hydra
  2145 | D        | Reached skill level 13 in Shields
  2153 | D        | Killed a five-headed hydra
  2170 | D        | Killed a black mamba
  2174 | D        | Killed a black mamba
  2175 | D        | Reached skill level 15 in Long Blades
  2175 | D        | Reached skill level 14 in Shields
  2650 | D        | Noticed Grum
  2658 | D        | Killed Grum
  2742 | D        | Noticed an orc knight
  2765 | D        | Killed an orc knight
  2766 | D        | Reached XP level 11. HP: 88/107 MP: 10/10
  2846 | D        | Noticed an orc sorcerer
  2873 | D        | Noticed an orc knight
  2878 | D        | Killed an orc sorcerer
  2879 | D        | Reached skill level 15 in Shields
  2885 | D        | Reached skill level 10 in Dodging
  2899 | D        | Killed an orc knight
  3143 | D        | Found Tiozeiskezua's Weapon Boutique.
  3143 | D        | Noticed an orc sorcerer
  3143 | D        | Paralysed by an orc sorcerer for 3 turns
  3147 | D        | Killed an orc sorcerer
  3149 | D        | Noticed an orc sorcerer
  3163 | D        | Found Cih Gaod's Antique Armour Shop.
  3165 | D        | Noticed a soul eater
  3174 | D        | Killed an orc sorcerer
  3177 | D        | Found Alaarer's Magic Scroll Boutique.
  3351 | D        | Found Ukic's Jewellery Shop.
  3354 | D        | Noticed an orc sorcerer
  3355 | D        | Noticed an orc sorcerer
  3356 | D        | Noticed an orc sorcerer
  3357 | D        | Noticed a soul eater
  3358 | D        | Paralysed by an orc sorcerer for 7 turns
  3371 | D        | Killed an orc sorcerer
  3380 | D        | Killed an orc sorcerer
  3383 | D        | Killed an orc sorcerer
  3464 | D        | Bought a translucent chain mail for 237 gold pieces
  3469 | D        | Identified the +2 chain mail of the Sailor {Will+ Dex+6}
                  | (You bought it in a shop in the Dungeon)
  3471 | D        | Bought a scroll of magic mapping for 38 gold pieces
  3471 | D        | Bought a scroll of enchant armour for 82 gold pieces
  3471 | D        | Bought a scroll of identify for 22 gold pieces
  3471 | D        | Bought a scroll of enchant armour for 82 gold pieces
  3471 | D        | Bought a scroll of holy word for 82 gold pieces
  3514 | D        | Noticed Psyche
  3523 | D        | Killed Psyche
  3524 | D        | Reached skill level 16 in Shields
  3544 | D        | Noticed Erica
  3552 | D        | Killed Erica
  3553 | D        | Reached skill level 15 in Fighting
  3738 | D        | Noticed an ogre mage
  3750 | D        | Noticed an orc knight
  3751 | D        | Noticed a green ugly thing
  3753 | D        | Noticed a great orb of eyes
  3754 | D        | Noticed a lich
  3756 | D        | Noticed a centaur warrior
  3758 | D        | Noticed a stone giant
  3761 | D        | Killed an ogre mage
  3768 | D        | Noticed a deep troll shaman
  3782 | D        | Killed a lich
  3783 | D        | Reached skill level 17 in Shields
  3783 | D        | Reached XP level 12. HP: 109/122 MP: 11/11
  3784 | D        | Noticed an ice dragon
  3788 | D        | Paralysed by a great orb of eyes for 3 turns
  3795 | D        | Killed a great orb of eyes
  3805 | D        | Killed a stone giant
  3808 | D        | Killed a centaur warrior
  3815 | D        | Killed a deep troll shaman
  3822 | D        | Killed an ice dragon
  3823 | D        | Reached skill level 15 in Armour
  3823 | D        | Reached skill level 18 in Shields
  3970 | D        | Noticed Nessos
  3974 | D        | Noticed Kirke
  3988 | D        | Killed Nessos
  3995 | D        | Killed Kirke
  4117 | D        | Noticed an entropy weaver
  4457 | D        | Killed an entropy weaver
  4458 | D        | Reached skill level 19 in Shields
  4829 | D        | Reached XP level 13. HP: 56/134 MP: 12/12
  4843 | D        | Reached skill level 20 in Shields
  5081 | D        | Bought the amulet of Muho {rElec rF+ Regen+ Str-2} for 748
                  | gold pieces
  5196 | D        | Noticed a bunyip
  5196 | D        | Noticed a bunyip
  5196 | D        | Noticed a bunyip
  5203 | D        | Killed a bunyip
  5231 | D        | Killed a bunyip
  5367 | D        | Reached skill level 21 in Shields
  5440 | D        | Killed a bunyip
  5647 | D        | Noticed a nagaraja
  5652 | D        | Killed a nagaraja
  5653 | D        | Reached skill level 22 in Shields
  5833 | D        | Noticed Nergalle
  5840 | D        | Killed Nergalle
  5852 | D        | Noticed Azrael
  5864 | D        | Killed Azrael
  5865 | D        | Reached skill level 23 in Shields
  5936 | D        | Noticed Donald
  5945 | D        | Killed Donald
  5948 | D        | Noticed Joseph
  5953 | D        | Killed Joseph
  5954 | D        | Reached XP level 14. HP: 148/148 MP: 13/13
  5980 | D        | Noticed Aizul
  5989 | D        | Killed Aizul
  6125 | D        | Noticed a white very ugly thing
  6128 | D        | Noticed a stone giant
  6137 | D        | Noticed a stone giant
  6144 | D        | Killed a white very ugly thing
  6145 | D        | Reached skill level 24 in Shields
  6154 | D        | Killed a stone giant
  6158 | D        | Killed a stone giant
  6164 | D        | Noticed a frost giant
  6165 | D        | Paralysed by a floating eye for 3 turns
  6175 | D        | Paralysed by a floating eye for 2 turns
  6177 | D        | Noticed a stone giant
  6178 | D        | Noticed a frost giant
  6182 | D        | Paralysed by a floating eye for 2 turns
  6185 | D        | Killed a frost giant
  6196 | D        | Killed a stone giant
  6202 | D        | Killed a frost giant
  6340 | D        | Noticed a vault warden
  6368 | D        | Killed a vault warden
  6373 | D        | Reached skill level 25 in Shields
  6386 | D        | Noticed Mennas
  6423 | D        | HP: 2/231 [Mennas/+0 sacred scourge of holy wrath (20)]
  6476 | D        | HP: 2/154 [Mennas/+0 sacred scourge of holy wrath (13)]
  6492 | D        | Killed Mennas
  6750 | D        | Noticed a nagaraja
  6766 | D        | Noticed an Orb Guardian
  6766 | D        | Noticed a sphinx
  6784 | D        | Noticed Ereshkigal
  6793 | D        | Paralysed by Ereshkigal for 4 turns
  6796 | D        | Noticed a Brimstone Fiend
  6801 | D        | Mangled by Ereshkigal

Illustrated notes

Levels and vault maps discovered:
D:        linesprint [early_d, line_temple, items_1, d_10, items_2, lair_1,
          lair_end, items_3, orc_1, orc_end, items_4, d_15, swamp_1, shoals_1,
          snake_1, spider_1, d_20, vaults_1, items_5, swamp_end, shoals_end,
          snake_end, spider_end, vaults_end, d_27, items_6, zot_1, zot_end,
          crypt_end, forest_end, elf_end, slime_end, tomb_end, abyss_end,
          pan_hell_end]

Skill      XL: |  1  2  3  4  5  6  7  8  9 10 11 12 13 14 |
---------------+-------------------------------------------+-----
Fighting       | 5 6 7 9 10 11 13 16 18 20 22 | 22.7
Armour         | 5 7 8 11 13 14 15 16 17 | 17.4
Shields        | 5 7 8 10 11 12 14 17 19 23 25 | 25.4
Long Blades    | 3 5 6 9 10 12 13 15 18 19 21 23 | 23.9
Dodging        | 2 3 5 7 9 11 12 13 | 13.7
Stealth        | 1 3 4 |  4.1
Evocations     | 1 2 3 4 |  4.1

Action                   |  1- 3 |  4- 6 |  7- 9 | 10-12 | 13-15 || total
-------------------------+-------+-------+-------+-------+-------++-------
Melee: Long sword        |    29 |    12 |       |       |       ||    41
       Headbutt          |     5 |     7 |    23 |   132 |   119 ||   286
       Scimitar          |       |    14 |    78 |   383 |   214 ||   689
       Double sword      |       |       |       |       |   167 ||   167
Invok: Potion Petition   |       |       |       |       |     3 ||     3
       Call Merchant     |       |       |       |       |     1 ||     1
       Bribe Branch      |       |       |       |       |     1 ||     1
Evoke: Wand              |       |       |     1 |     5 |     1 ||     7
  Use: Potion            |       |     2 |     4 |     2 |    11 ||    19
       Scroll            |       |       |       |     2 |     3 ||     5
 Stab: Invisible         |       |       |     3 |       |     2 ||     5
       Distracted        |       |       |       |     9 |     8 ||    17
Armor: Scale mail        |    10 |     3 |       |       |       ||    13
       Ring mail         |       |    16 |    10 |    20 |       ||    46
       Chain mail        |       |       |       |    42 |    85 ||   127
Dodge: Dodged            |     8 |     3 |    15 |    94 |    83 ||   203
Block: Kite shield       |    14 |     8 |    44 |    57 |    79 ||   202
       Tower shield      |       |       |       |   182 |   185 ||   367
       Reflection        |       |       |       |       |     7 ||     7
       Rpst.: Long sword |     3 |     1 |       |       |       ||     4
       Scimitar          |       |       |     5 |     8 |     5 ||    18
       Double sword      |       |       |       |       |     8 ||     8

Table legend: (Time is in decaauts)
 A = Elapsed time spent in this place.
 B = Non-inter-level travel time spent in this place.
 C = Inter-level travel time spent in this place.
 D = Time resting spent in this place.
 E = Time spent auto-exploring this place.
 F = Levels seen in this place.
 G = Mean time per level.
                   A        B        C        D        E       F      G
               +--------+--------+--------+--------+--------+-----+--------+
         Total |   6606 |   6606 |      0 |   3442 |    943 |   1 | 6606.0 |
       Dungeon |   6606 |   6606 |      0 |   3442 |    943 |   1 | 6606.0 |
               +--------+--------+--------+--------+--------+-----+--------+

Top non-repeatable levels by time:
       D: 6606 daAuts
